 Dungeon Crawl Stone Soup version 0.28-a0-1613-gdaab1c2f9b (webtiles) character file.

Game seed: 16996150089612797839

1 voltaire321 the Charlatan (level 1, -4/16 HPs)
             Began as a Hill Orc Artificer on Jan 22, 2022.
             Slain by a kobold (5 damage)
             ... on level 1 of the Dungeon.
             The game lasted 00:00:24 (45 turns).

voltaire321 the Charlatan (Hill Orc Artificer)        Turns: 45, Time: 00:00:25

Health: -4/16      AC:  3    Str: 14    XL:     1   Next: 20%
Magic:  1/1        EV: 11    Int: 11    God:
Gold:   0          SH:  0    Dex: 11    Spells: 0/0 levels left

rFire   . . .      SeeInvis .   a - +0 club
rCold   . . .      Faith    .   (no shield)
rNeg    . . .      Spirit   .   b - +0 leather armour
rPois   .          Reflect  .   (no helmet)
rElec   .          Harm     .   (no cloak)
rCorr   .          Rampage  .   (no gloves)
Will    .....                   (no boots)
Stlth   +.........              (no amulet)
HPRegen 0.05/turn               (no ring)
MPRegen 0.07/turn               (no ring)

@: no status effects
A: no striking features
a: no special abilities


You were on level 1 of the Dungeon.
You visited 1 branch of the dungeon, and saw 1 of its levels.

Inventory:

Hand Weapons
 a - a +0 club (weapon)
Armour
 b - a +0 leather armour (worn)
Wands
 c - a wand of flame (15) (quivered)
 d - a wand of charming (15)
Miscellaneous
 e - a piece from Xom's chessboard (15/15)


   Skills:
 + Level 1.2 Fighting
 + Level 2.2 Armour
 + Level 0.7 Dodging
 - Level 0.7 Stealth
 + Level 3.0 Evocations


You couldn't memorise any spells.
You didn't know any spells.
Your spell library was empty.

Dungeon Overview and Level Annotations

Branches:
Dungeon (1/15)

Altars:


Message History

The kobold shouts!
You hit the kobold.
The kobold is severely wounded.
The kobold hits you but does no damage.
The kobold throws a stone.
The stone hits you.
A ball python comes into view.
You hit the kobold but do no damage.
The kobold is severely wounded.
The kobold hits you with a +0 dagger.
The kobold throws a stone.
The stone closely misses you.
You hit the kobold.
You kill the kobold!
You barely miss the kobold. The kobold barely misses you.
The kobold hits you with a +0 whip.
You closely miss the kobold. The kobold misses you.
You barely miss the kobold. The kobold completely misses you.
The ball python barely misses you. The ball python grabs you.
The ball python constricts you.
You barely miss the ball python. The ball python barely misses you.
The ball python constricts you. The kobold hits you but does no damage.
The ball python barely misses you. The ball python constricts you.
The kobold hits you but does no damage.
You hit the ball python.
The ball python is moderately wounded.
The ball python barely misses you. The ball python constricts you.
The kobold hits you with a +0 whip.
You closely miss the ball python. The ball python closely misses you.
The ball python constricts you. The kobold barely misses you.
The ball python bites you but does no damage.
The ball python constricts you.
You hit the ball python.
You kill the ball python!
The kobold hits you with a +0 whip.
* * * LOW HITPOINT WARNING * * *
The kobold barely misses you.
You barely miss the kobold. The kobold hits you with a +0 whip.
* * * LOW HITPOINT WARNING * * *
You barely miss the kobold. The kobold barely misses you.
You completely miss the kobold. The kobold hits you with a +0 whip.
You die...

#.#..##.#.#.#
#.#.#<#≈#.#.#
#≈'.###.#.#.# #
#.##...##.#.#.#
##.#####.##.#.#
##.....##.##.#
######'.##..#
#.(..≈..#...#
#########)@##
......K##
#####.## ...
.... ####. #.


You could see a kobold.

Vanquished Creatures
  A ball python (D:1)
  A kobold (D:1)
2 creatures vanquished.

Notes
Turn   | Place    | Note
-------+----------+-------------------------------------------
     0 | D:1      | voltaire321 the Hill Orc Artificer began the quest for the
                  | Orb.
     0 | D:1      | Reached XP level 1. HP: 16/16 MP: 1/1
    45 | D:1      | Slain by a kobold

Illustrated notes

Levels and vault maps discovered:
D:1:      evilmike_arrival_rings, layout_loops_ring, serial_shops,
          shop_fountains, shapermc_ecumenical_altar_pompeii

Action                   || total
-------------------------++-------
Melee: Club              ||    13
Armor: Leather armour    ||     4
Dodge: Dodged            ||    12

Table legend: (Time is in decaauts)
 A = Elapsed time spent in this place.
 B = Non-inter-level travel time spent in this place.
 C = Inter-level travel time spent in this place.
 D = Time resting spent in this place.
 E = Time spent auto-exploring this place.
 F = Levels seen in this place.
 G = Mean time per level.
                   A        B        C        D        E       F      G
               +--------+--------+--------+--------+--------+-----+--------+
         Total |     48 |     48 |      0 |      0 |     28 |   1 |   48.0 |
       Dungeon |     48 |     48 |      0 |      0 |     28 |   1 |   48.0 |
               +--------+--------+--------+--------+--------+-----+--------+

Top non-repeatable levels by time:
     D:1: 48 daAuts
